 Dungeon Sprint DCSS version 0.26-a0-695-g987792ac36 (webtiles) character file.

Game seed: 227007607743346617

0 sahdkjhfkaj the Charlatan (level 4, -1/31 HPs)
             Began as an Octopode Artificer on Oct 26, 2020.
             Was an Initiate of Gozag.
             Slain by a kobold (4 damage)
             ... in the Dungeon (Sprint VI: "Thunderdome").
             The game lasted 00:02:00 (145 turns).

sahdkjhfkaj the Charlatan (Octopode Artificer)       Turns: 145, Time: 00:02:01

Health: -1/31      AC:  1    Str: 14    XL:     4   Next: 1%
Magic:  4/4        EV: 15    Int: 24    God:    Gozag
Gold:   146        SH:  0    Dex: 17    Spells: 3/3 levels left

rFire    . . .     SeeInvis .     - Unarmed
rCold    + + +     Faith    .   (no shield)
rNeg     + . .     Spirit   .   (helmet restricted)
rPois    +         Reflect  .   s - amulet of Virtue {RegenMP +Inv rC+}
rElec    +         Harm     .   o - ring "Hyfam" {rN+ MR+ Str-4 Dex+3 Slay+3}
rCorr    .         Rampage  .   p - ring "Kimyul" {rElec rF+ Dex+6}
MR       +++..     NoTele   +   q - ring of Siorakk {Ice +Blink +Inv rElec rPois}
Stlth    +++.......             r - ring "Zewu" {rC+ MR+ Slay-4} (curse)
HPRegen  0.10/turn              a - ring "Eniut" {rElec MR+ Str+6 Int+6}
MPRegen  0.34/turn              t - ring "Defugan" {*Slow Int+5 Dex-4} (curse)
                                (no ring)
                                (no ring)

@: no status effects
A: almost no armour, stealthy swim, amphibious, 8 rings, constrict 8, camouflage
1, gelatinous body 1
a: Potion Petition, Call Merchant, Bribe Branch, Renounce Religion, Evoke Blink,
Evoke Invisibility


You were in the Dungeon.
You worshipped Gozag.
Gozag was aware of your devotion.
You visited 1 branch You collected 461 gold pieces.
You spent 315 gold pieces at shops.

Inventory:

Jewellery
 a - the ring "Eniut" (on tentacle) {rElec MR+ Str+6 Int+6}
   (You bought it in a shop in the Dungeon)

   [ring of strength]

   It affects your strength (+6).
   It affects your intelligence (+6).
   It insulates you from electricity.
   It affects your resistance to hostile enchantments.
 o - the ring "Hyfam" (left tentacle) {rN+ MR+ Str-4 Dex+3 Slay+3}
   (You bought it in a shop in the Dungeon)

   [ring of protection from magic]

   It affects your strength (-4).
   It affects your dexterity (+3).
   It affects your accuracy and damage with ranged weapons and melee attacks
   (+3).
   It protects you from negative energy.
   It affects your resistance to hostile enchantments.
 p - the ring "Kimyul" (right tentacle) {rElec rF+ Dex+6}
   (You bought it in a shop in the Dungeon)

   [ring of dexterity]

   It affects your dexterity (+6).
   It protects you from fire.
   It insulates you from electricity.
 q - the ring of Siorakk (on tentacle) {Ice +Blink +Inv rElec rPois}
   (You bought it in a shop in the Dungeon)

   [ring of ice]

   It enhances your ice magic.
   It makes you vulnerable to fire.
   It protects you from cold.
   It insulates you from electricity.
   It protects you from poison.
   It lets you turn invisible.
   It lets you blink.
 r - the cursed ring "Zewu" (on tentacle) {rC+ MR+ Slay-4}
   (You bought it in a shop in the Dungeon)

   [ring of slaying]

   It affects your accuracy and damage with ranged weapons and melee attacks
   (-4).
   It protects you from cold.
   It affects your resistance to hostile enchantments.
   It has a curse placed upon it.
 s - the amulet of Virtue (around mantle) {RegenMP +Inv rC+}
   (You bought it in a shop in the Dungeon)

   [amulet of magic regeneration]

   It increases your magic regeneration.
   It protects you from cold.
   It lets you turn invisible.
 t - the cursed ring "Defugan" (on tentacle) {*Slow Int+5 Dex-4}
   (You bought it in a shop in the Dungeon)

   [ring of dexterity]

   It affects your intelligence (+5).
   It affects your dexterity (-4).
   It may slow you when you take damage.
   It has a curse placed upon it.
Wands
 b - a wand of flame (15)
 c - a wand of enslavement (15)
 d - a wand of random effects (9)
 k - a wand of acid (5)
 l - a wand of iceblast (5)
Scrolls
 j - 4 scrolls of blinking {!r}
 m - 3 scrolls of fog {!r}
Potions
 e - a potion of curing {!q}
 f - 4 potions of heal wounds {!q}
 g - 4 potions of haste {!q}
 h - 2 potions of magic {!q}
 i - a potion of berserk rage {!q}
 n - a potion of resistance {!q}


   Skills:
 + Level 3.3 Fighting
 + Level 4.0 Dodging
 - Level 1.3 Stealth
 * Level 4.4 Unarmed Combat
 + Level 4.9 Evocations


You had 3 spell levels left.
You didn't know any spells.
Your spell library was empty.

Dungeon Overview and Level Annotations

Branches:
Dungeon (1/1)

Altars:
Cheibriados
Dithmenos
Fedhas
Gozag
Kikubaaqudgha
Makhleb
Okawaru
Qazlal
Ru
Sif Muna
Trog
Uskayaw
Vehumet
Wu Jian
Xom
Yredelemnul
Zin
The Shining One
Beogh
Jiyva
Lugonu

Shops:
D *[??**[((!!!!


Innate Abilities, Weirdness & Mutations

You cannot wear most types of armour.
You are very stealthy in the water. (Stealth+)
You are amphibious.
You can wear up to eight rings at the same time.
You can use your tentacles to constrict eight enemies at once.
Your skin changes colour to match your surroundings (Stealth+).
Your rubbery body absorbs attacks. (AC +1, EV +1)


Message History

You now have 146 gold pieces (gained 63).
You start resting.
A kobold comes into view.
You don't know any spells.
Okay, then.
You are too injured to fight recklessly!
You are too injured to fight recklessly!
The kobold shouts!
The kobold throws a stone.
The stone hits you.
* * * LOW HITPOINT WARNING * * *
You see here a stone. 20...
The kobold throws a stone.
The stone hits you.
* * * LOW HITPOINT WARNING * * *
You see here a stone.
Unknown command.
You completely miss the kobold. Your grab misses the kobold.
The kobold hits you.
You die...
Your body crumbles into a pile of gold.

##.___......# #......_._∩##
###∩........8.# #.8........∩#
##.............###............
#⌠..........###...# #.........
#⌠..........# #.<.# #.).......
#⌠..........###...###.........
##.........(...###............
###∩.......(8.# #.8........∩#
##∩___....@K###......___∩##
######.8.........8.######
#⌠...........⌠#
###.........### #_......._#
#_......._# #_........#
#∩.......∩# ##∩.....∩##


You could see a kobold.

Vanquished Creatures
  A scorpion (D)
  An adder skeleton (D)
  A frilled lizard (D)
  A kobold (D)
4 creatures vanquished.

Notes
Turn   | Place    | Note
-------+----------+-------------------------------------------
     0 | D        | sahdkjhfkaj the Octopode Artificer began the quest for the
                  | Orb.
     0 | D        | Reached XP level 1. HP: 13/13 MP: 1/1
     1 | D        | Found an ornate altar of the Wu Jian Council.
     1 | D        | Found an ancient bone altar of Kikubaaqudgha.
     2 | D        | Found an opulent altar of Gozag.
     2 | D        | Found a shimmering altar of Xom.
     3 | D        | Found a snail-covered altar of Cheibriados.
     3 | D        | Found a shimmering blue altar of Sif Muna.
     4 | D        | Found an iron altar of Okawaru.
     4 | D        | Found a shadowy altar of Dithmenos.
     4 | D        | Found Zaas's Magic Scroll Shop.
     4 | D        | Found Yshuj's Staff Store.
     5 | D        | Found a stormy altar of Qazlal.
     5 | D        | Found a glowing golden altar of the Shining One.
     5 | D        | Found a glowing silver altar of Zin.
     5 | D        | Found Gexulep's Identification Station.
     5 | D        | Round 1.
     6 | D        | Found Ywkugyfo's Jewellery.
     6 | D        | Found Weess's Advanced Armour.
    14 | D        | Became a worshipper of Gozag Ym Sagoz the Greedy
    18 | D        | Bought an ancient glass ring for 45 gold pieces
    18 | D        | Bought a glittering lapis lazuli ring for 45 gold pieces
    18 | D        | Bought a vibrating tin ring for 45 gold pieces
    18 | D        | Bought a wavering silver ring for 45 gold pieces
    18 | D        | Identified the ring "Hyfam" {rN+ MR+ Str-4 Dex+3 Slay+3}
                  | (You bought it in a shop in the Dungeon)
    19 | D        | Identified the ring "Kimyul" {rElec rF+ Dex+6} (You bought
                  | it in a shop in the Dungeon)
    20 | D        | Identified the ring of Siorakk {Ice +Blink +Inv rElec
                  | rPois} (You bought it in a shop in the Dungeon)
    21 | D        | Identified the cursed ring "Zewu" {rC+ MR+ Slay-4} (You
                  | bought it in a shop in the Dungeon)
    26 | D        | Found a hide-covered altar of Uskayaw.
    27 | D        | Found a radiant altar of Vehumet.
    28 | D        | Found a roughly hewn altar of Beogh.
    29 | D        | Found Tymopn's Premium Goods.
    30 | D        | Found Foqiuni's Miscellaneous Merchandise.
    30 | D        | Found Amesahu's Basic Armour.
    31 | D        | Found a sacrificial altar of Ru.
    31 | D        | Found a burning altar of Makhleb.
    31 | D        | Found Pyetzeh's Weapon Rack.
    35 | D        | Found a blossoming altar of Fedhas.
    36 | D        | Found a bloodstained altar of Trog.
    38 | D        | Found a basalt altar of Yredelemnul.
    39 | D        | Found Exirruuk's Do-It-Yourself Clinic.
    39 | D        | Noticed a scorpion
    40 | D        | Found Ocuroo's Bottled Wisdom.
    40 | D        | Found Meppu's Distillery.
    41 | D        | Found a viscous altar of Jiyva.
    41 | D        | Found a corrupted altar of Lugonu.
    41 | D        | Found Neffu's Distillery.
    48 | D        | Killed a scorpion
    48 | D        | Reached XP level 2. HP: 2/21 MP: 2/2
    48 | D        | Reached XP level 3. HP: 3/26 MP: 3/3
   105 | D        | Bought a steaming ivory ring for 45 gold pieces
   105 | D        | Bought a warped pewter amulet for 45 gold pieces
   105 | D        | Bought a scorched pewter ring for 45 gold pieces
   111 | D        | Reached XP level 4. HP: 4/31 MP: 4/4
   114 | D        | Identified the ring "Eniut" {rElec MR+ Str+6 Int+6} (You
                  | bought it in a shop in the Dungeon)
   120 | D        | Identified the amulet of Virtue {RegenMP +Inv rC+} (You
                  | bought it in a shop in the Dungeon)
   120 | D        | Identified the cursed ring "Defugan" {*Slow Int+5 Dex-4}
                  | (You bought it in a shop in the Dungeon)
   145 | D        | Slain by a kobold

Illustrated notes

Levels and vault maps discovered:
D:        arena_sprint

Skill      XL: |  1  2  3 |
---------------+----------+-----
Fighting       | 3 |  3.3
Dodging        | 3 4 |  4.0
Unarmed Combat | 4 |  4.4
Evocations     | 4 |  4.9
Stealth        | |  1.3

Action                   |  1- 3 |  4- 6 || total
-------------------------+-------+-------++-------
Melee: Unarmed           |     5 |     1 ||     6
       Constrict         |     2 |       ||     2
       Punch             |     1 |       ||     1
Evoke: Wand              |     6 |       ||     6
Dodge: Dodged            |     5 |       ||     5

Table legend: (Time is in decaauts)
 A = Elapsed time spent in this place.
 B = Non-inter-level travel time spent in this place.
 C = Inter-level travel time spent in this place.
 D = Time resting spent in this place.
 E = Time spent auto-exploring this place.
 F = Levels seen in this place.
 G = Mean time per level.
                   A        B        C        D        E       F      G
               +--------+--------+--------+--------+--------+-----+--------+
         Total |    141 |    141 |      0 |     41 |      0 |   1 |  141.0 |
       Dungeon |    141 |    141 |      0 |     41 |      0 |   1 |  141.0 |
               +--------+--------+--------+--------+--------+-----+--------+

Top non-repeatable levels by time:
       D: 141 daAuts
